 Dungeon Crawl Stone Soup version 0.32-a0-172-gc5dd13f2a7 (webtiles) character file.

Game seed: 10532984109418349551

45 pazhot the Trooper (level 3, -1/34 HPs)
             Began as a Hill Orc Fighter on Feb 12, 2024.
             Slain by a hornet (shapeshifter) (8 damage)
             ... on level 11 of the Dungeon.
             The game lasted 00:01:31 (844 turns).

pazhot the Trooper (Hill Orc Fighter)                Turns: 844, Time: 00:01:32

Health: -1/34      AC:  7    Str: 20    XL:     3   Next: 64%
Magic:  3/3        EV:  9    Int:  8    God:
Gold:   13         SH:  4    Dex: 10    Spells: 2/2 levels left

rFire   . . .        a - +0 flail
rCold   . . .        c - +0 buckler
rNeg    . . .        b - +0 scale mail
rPois   .            (no helmet)
rElec   .            (no cloak)
rCorr   .            (no gloves)
SInv    .            (no boots)
Will    .....        (no amulet) Stlth
                     (no ring)
HPRegen 0.25/turn    (no ring)
MPRegen 0.08/turn

%: no passive effects
@: lethally poisoned (-1 -> -10), slowed, very slow
A: no striking features
a: no special abilities


You were on level 11 of the Dungeon.
You visited 1 branch of the dungeon, and saw 6 of its levels.

You collected 13 gold pieces.

Inventory:

Hand Weapons
 a - a +0 flail (weapon)
Armour
 b - a +0 scale mail (worn)
 c - a +0 buckler (worn)
Wands
 f - a wand of quicksilver (2)
Scrolls
 e - 2 scrolls of identify {unknown}
Potions
 d - a potion of might


   Skills:
 + Level 4.4 Fighting
 + Level 2.6 Maces & Flails
 + Level 3.9 Armour
 + Level 3.5 Shields


You had 2 spell levels left.
You didn't know any spells.
Your spell library contained the following spells:

 Spells                   Type           Power      Damage    Failure   Level
 Volatile Blastmotes      Fire/Tloc      0%         2d10      99%         3
 Fulminant Prism          Conj/Alch      0%         3d5       100%        4
 Iskenderun's Mystic Bla  Conj/Tloc      0%         2d3       100%        4


Dungeon Overview and Level Annotations

Branches:
Dungeon (11/15)
 Temple: D:4-7         Lair: D:8-11         Orc: D:9-12

Altars:
Qazlal


Message History

The centaur shoots an arrow.
You block the arrow.
There is a stone staircase leading down here.
HP restored.
The centaur shoots an arrow.
You block the arrow.
You climb downwards.
You hear the roar of battle.
There is an entrance to a bailey on this level.
Hurry and find it before the portal closes forever!
The yak bellows!
Found 11 gold pieces.
Found a stormy altar of Qazlal.
There is a stone staircase leading up here.
Found a long fluorescent wand.
A yak comes into view.
The yak bellows!
A yak comes into view.
The yak bellows!
There is a shaft here.
You fall into a shaft and drop 3 floors!
The shaft crumbles and collapses.
Found a short brass wand and 3 stones.
Found a stone staircase leading up.
f - a wand of quicksilver (2)
A fire bat comes into view.
The fire bat changes into a hornet!
The hornet stings you.
You feel yourself slow down. The hornet stings you.
You feel as though you will be slow longer.
The hornet stings you.
You are poisoned.
You feel as though you will be slow longer.
You see here 3 stones.
You feel very sick. The hornet attacks as it pursues you!
The hornet stings you but does no damage.
The hornet stings you.
You are lethally poisoned!
You feel as though you will be slow longer.
The hornet stings you but does no damage.
You hit the hornet but do no damage.
* * * LOW HITPOINT WARNING * * *
You feel extremely sick. The hornet stings you!
You die...

#......############..
#....................
#...................
#.......<...........
##..................
#..................
#..................
#..........y.......
###........@.......
#................
#................
#................
#######...##...##
#...# ...# ...## ####
....#


You could see a hornet shaped shifter.

Vanquished Creatures
  A gnoll (D:1)
  A dart slug (D:1)
  An orc (D:4)
  4 endoplasms
  2 goblins (D:1)
  A hobgoblin (D:1)
  3 jackals (D:4)
  2 quokkas (D:1)
  3 ball pythons (D:1)
  5 bats (D:1)
  3 kobolds (D:1)
  3 rats (D:1)
29 creatures vanquished.

Notes
Turn   | Place    | Note
-------+----------+-------------------------------------------
     0 | D:1      | pazhot the Hill Orc Fighter began the quest for the Orb.
     0 | D:1      | Reached XP level 1. HP: 19/19 MP: 1/1
   273 | D:1      | Reached XP level 2. HP: 26/27 MP: 2/2
   285 | D:1      | Reached skill level 4 in Fighting
   410 | D:1      | Reached XP level 3. HP: 33/33 MP: 3/3
   727 | D:2      | You fall into a shaft and drop 2 floors!
   799 | D:4      | You fall into a shaft and drop 3 floors!
   804 | D:7      | Noticed an acid dragon
   808 | D:7      | Noticed a centaur
   811 | D:8      | Noticed a water elemental
   811 | D:8      | Noticed a yak
   811 | D:8      | Found a stormy altar of Qazlal.
   812 | D:8      | Noticed a yak
   813 | D:8      | Noticed a yak
   814 | D:8      | Noticed an air elemental
   815 | D:8      | You fall into a shaft and drop 3 floors!
   838 | D:11     | Noticed a fire bat
   839 | D:11     | a fire bat changed into a hornet
   839 | D:11     | Noticed a hornet (shapeshifter)
   844 | D:11     | Slain by a hornet (shapeshifter)

Illustrated notes

Levels and vault maps discovered:
D:1:      erik_arrival_blinker_ship, layout_basic
D:2:      layout_loops_cross
D:4:      layout_basic
D:7:      layout_rooms, eat_drink_and_be_merry_uskayaw,
          lemuel_coloured_pillars_altar, ebering_ghost_gozag, lightli_minifort
D:8:      minmay_general_purpose_star, layout_rooms, vehumet_statue,
          nicolae_qazlal_style_of_elements, nicolae_yredelemnul_ghost_church,
          david_lair_shrubbed, enter_bailey_2, serial_co_window_serial,
          co_window_paths_b, co_window_paths_b, co_window_paths_a,
          co_window_paths_a, co_window_of_opportunity_a, co_window_corner_a,
          co_window_corner_a, co_window_cross_1, co_window_paths_a,
          co_window_broadway_a, co_window_paths_c, co_window_corner_cb,
          glass_columns_a
D:11:     layout_cross, serial_shops, shop, nicolae_shop_pleasant_corner_grove,
          nicolae_shop_temple_entry_statues_fountains,
          minmay_statue_crystal_thing

Skill      XL: |  1  2 |
---------------+-------+-----
Fighting       | 4 |  4.4
Maces & Flails | |  2.6
Armour         | |  3.9
Shields        | |  3.5

Action                     || total
---------------------------++-------
  Melee: Flail             ||    90
 Armour: Scale mail        ||   104
  Dodge: Dodged            ||    55
  Block: Buckler           ||    30

Table legend: (Time is in decaauts)
 A = Elapsed time spent in this place.
 B = Non-inter-level travel time spent in this place.
 C = Inter-level travel time spent in this place.
 D = Time resting spent in this place.
 E = Time spent auto-exploring this place.
 F = Levels seen in this place.
 G = Mean time per level.
                   A        B        C        D        E       F      G
               +--------+--------+--------+--------+--------+-----+--------+
         Total |    871 |    845 |     26 |      0 |    573 |   6 |  145.2 |
       Dungeon |    871 |    845 |     26 |      0 |    573 |   6 |  145.2 |
               +--------+--------+--------+--------+--------+-----+--------+

Top non-repeatable levels by time:
     D:1: 746 daAuts
     D:4: 76 daAuts
    D:11: 29 daAuts
     D:7: 11 daAuts
     D:8: 3 daAuts
     D:2: 2 daAuts
